Patriotes vs Sewer Rats
Created - February 26, 2018 at 23:08
Goals
|
Patriotes |
0 |
1 |
3 |
4 |
Sewer Rats |
1 |
1 |
1 |
3 |
|
Shots
|
Patriotes |
9 |
18 |
14 |
41 |
Sewer Rats |
14 |
10 |
9 |
33 |
|
1st period
1. Sewer Rats , Jonathan Huberdeau 22 (William Karlsson 12, Jarred Tinordi 14) at 8:03
Penalties :
Vincent Trocheck (Tol) for High sticking (Minor) at 0:38, William Karlsson (Tol) for Interference (Minor) at 4:24
2nd period
2. Sewer Rats , Ville Leino 42 (Mark Mancari 40, Mattias Ekholm 18) at 14:44
3. Patriotes , Ryan Wilson 12 (Phil McRae 15, Emerson Etem 24) at 17:18
Penalties :
Aaron Ness (Nyc) for Hooking (Minor) at 19:42
3rd period
4. Patriotes , Christian Hanson 31 (Matt Calvert 22, Tyler Randell 17) at 3:23
5. Patriotes , Evgeny Kuznetsov 23 (Fedor Fedorov 29, Mark Stone 17) at 12:15
6. Sewer Rats , Zach Boychuk 30 (Matt Lashoff 20, Vincent Trocheck 18) at 12:38
7. Patriotes , Phil McRae 13 (Fedor Fedorov 30, Aaron Ness 8) at 14:58 (SH)
Penalties :
Ryan Murphy (Tol) for Hooking (Minor) at 6:34, Anthony Bitetto (Nyc) for Elbowing (Minor) at 14:05
Goalie Stats
Marek Schwarz (Nyc), 30 saves from 33 shots - (0.909), W, 13-13-5, 60:00 minutes
Richard Bachman (Tol), 37 saves from 41 shots - (0.902), L, 15-15-0, 60:00 minutes
Players Stats for Patriotes
Player Name G A P +/- PIM S H SB GA TA FO MP PP MP PK MP
------------------------------------------------------------------------------------
Aaron Ness 0 1 1 1 2 0 0 1 0 0 0/0 13:46 0:00 0:42
Alex Petrovic 0 0 0 0 0 0 0 1 0 1 0/0 12:15 0:00 0:00
Andrew Gordon 0 0 0 -1 0 3 1 1 2 0 3/7 17:57 2:58 2:45
Anthony Bitetto 0 0 0 1 2 0 1 0 0 0 0/0 19:44 2:37 0:33
Austin Watson 0 0 0 0 0 0 0 0 0 0 0/0 0:19 0:00 0:00
Christian Hanson 1 0 1 -2 0 5 2 0 0 0 13/20 21:31 3:30 2:45
David Kolomatis 0 0 0 2 0 3 1 1 0 0 0/0 20:47 2:37 1:15
Emerson Etem 0 1 1 1 0 3 0 0 2 0 0/0 7:53 0:00 0:00
Evgeny Kuznetsov 1 0 1 1 0 2 6 0 1 1 7/21 16:27 0:23 0:00
Fedor Fedorov 0 2 2 1 0 4 4 0 2 0 2/2 23:11 3:30 1:13
Jared Knight 0 0 0 0 0 0 0 0 0 0 0/0 0:00 0:00 0:00
Justin Florek 0 0 0 0 0 1 0 0 0 1 0/0 10:11 0:00 0:00
Mark Stone 0 1 1 1 0 2 0 1 1 1 2/2 16:57 0:48 0:00
Matt Calvert 0 1 1 -1 0 4 0 0 0 2 0/0 16:52 2:27 0:45
Phil McRae 1 1 2 2 0 2 1 1 0 0 1/4 8:25 0:00 0:28
Riley Barber 0 0 0 0 0 0 0 0 0 0 0/0 0:00 0:00 0:00
Robert Baillargeon 0 0 0 0 0 0 0 0 0 0 0/0 0:00 0:00 0:00
Ryan Wilson 1 0 1 -1 0 4 1 1 0 2 0/0 26:58 3:20 2:43
Scott Glennie 0 0 0 0 0 0 0 0 0 0 0/0 0:00 0:00 0:00
Timothy Kunes 0 0 0 -1 0 0 0 1 0 0 0/0 26:58 3:20 2:43
Tyler Randell 0 1 1 -1 0 2 1 1 0 0 0/1 15:55 2:27 0:00
Vince Hinostroza 0 0 0 1 0 2 0 0 0 0 0/1 7:53 0:00 0:00
Zenon Konopka 0 0 0 0 0 4 1 0 1 0 4/7 12:01 1:48 0:00
Players Stats for Sewer Rats
Player Name G A P +/- PIM S H SB GA TA FO MP PP MP PK MP
------------------------------------------------------------------------------------
Daniel Carr 0 0 0 -1 0 5 0 0 0 0 0/0 8:36 0:00 0:00
Dmitrij Jaskin 0 0 0 -1 0 0 2 0 0 0 0/0 7:52 0:00 0:00
Jared Boll 0 0 0 0 0 2 0 1 0 0 0/0 16:57 1:34 1:57
Jarred Tinordi 0 1 1 -2 0 0 2 1 0 0 0/0 19:43 1:20 2:46
Joel Edmundson 0 0 0 -1 0 0 1 0 0 0 0/0 10:00 0:00 0:00
John Ramage 0 0 0 0 0 0 1 0 0 0 0/0 5:03 0:00 0:00
Jonathan Huberdeau 1 0 1 1 0 3 3 0 1 0 1/1 13:18 0:00 0:36
Jonathan Marchessault 0 0 0 -1 0 0 0 0 1 1 14/28 18:29 2:24 0:00
Mark Mancari 0 1 1 -1 0 4 0 1 2 0 1/2 21:35 2:24 3:06
Martin Frk 0 0 0 0 0 1 0 2 0 0 0/0 9:51 0:00 0:00
Matt Lashoff 0 1 1 2 0 2 3 3 2 0 0/0 25:14 2:38 3:11
Mattias Ekholm 0 1 1 2 0 1 0 4 2 3 0/0 25:14 2:38 3:11
Nick Cousins 0 0 0 -1 0 1 0 0 0 1 2/4 7:52 0:00 0:00
Ryan Murphy 0 0 0 -1 2 0 1 0 0 0 0/0 10:26 0:00 0:00
Steven Kampfer 0 0 0 -2 0 2 1 0 0 2 0/0 19:43 1:20 2:46
Ville Leino 1 0 1 -1 0 4 3 2 0 0 3/6 21:35 2:24 3:06
Vincent Trocheck 0 1 1 1 2 1 1 0 0 1 8/16 17:09 1:34 0:30
William Karlsson 0 1 1 1 2 0 2 0 0 1 4/7 13:23 0:00 0:42
Xavier Ouellet 0 0 0 0 0 0 0 0 0 0 0/0 5:03 0:00 0:00
Zach Boychuk 1 0 1 0 0 7 6 0 0 0 0/1 16:57 1:34 1:57
3 Stars
1 - Phil McRae (Nyc)
2 - Evgeny Kuznetsov (Nyc)
3 - Fedor Fedorov (Nyc)
Power Play
Patriotes - 0 on 3 Attempt(s) - 0.00%
Sewer Rats - 0 on 2 Attempt(s) - 0.00%
Penalty Kill
Patriotes - 2 on 2 Attempt(s) - 100.00%
- Score 1 goal in Penalty Kill
Sewer Rats - 3 on 3 Attempt(s) - 100.00%
- Score 0 goal in Penalty Kill
Team Stat
Patriotes - Hits : 19 - Faceoff Wins : 32 - Blocked Shots : 9 - Penalty Minutes : 4
Sewer Rats - Hits : 26 - Faceoff Wins : 33 - Blocked Shots : 14 - Penalty Minutes : 6
Official
Referees : Fraser Kerry and Dwyer Gord
Linesman : Thor Nelson and Tim Nowak
Game Notes
No Game Note
Finance
Level 1 -- Attendance: 1441 (72.05%) -- Ticket Income $50,435
Level 2 -- Attendance: 679 (67.90%) -- Ticket Income $11,543
Total Attendance: 2120 (70.67%)
Total Ticket Income: $61,978
Other Income: $3,099
Total Income: $65,077
Patriotes
5 vs 5 Forward
Center Left Wing Right Wing Time % Phy DF OF
1 Evgeny Kuznetsov Fedor Fedorov Mark Stone 40 1 2 2
2 Christian Hanson Matt Calvert Tyler Randell 30 1 2 2
3 Zenon Konopka Justin Florek Andrew Gordon 20 1 2 2
4 Phil McRae Vince Hinostroza Emerson Etem 10 1 2 2
5 vs 5 Defense
Defense Defense Time % Phy DF OF
1 Ryan Wilson Timothy Kunes 40 1 2 2
2 Anthony Bitetto David Kolomatis 30 1 2 2
3 Alex Petrovic Aaron Ness 20 1 2 2
4 Ryan Wilson Timothy Kunes 10 1 2 2
PowerPlay Forward
Center Left Wing Right Wing Time % Phy DF OF
1 Christian Hanson Fedor Fedorov Andrew Gordon 60 1 2 2
2 Zenon Konopka Matt Calvert Tyler Randell 40 1 2 2
PowerPlay Defense
Defense Defense Time % Phy DF OF
1 Ryan Wilson Timothy Kunes 60 1 2 2
2 Anthony Bitetto David Kolomatis 40 1 2 2
Penalty Kill 4 Players Forward
Center Wing Time % Phy DF OF
1 Andrew Gordon Christian Hanson 60 1 2 2
2 Fedor Fedorov Matt Calvert 40 1 2 2
Penalty Kill 4 Players Defense
Defense Defense Time % Phy DF OF
1 Ryan Wilson Timothy Kunes 60 1 2 2
2 Anthony Bitetto David Kolomatis 40 1 2 2
Penalty Kill - 3 Players Forward
Forward Time % Phy DF OF
1 Andrew Gordon 60 1 2 2
2 Christian Hanson 40 1 2 2
Penalty Kill - 3 Players Defense
Defense Defense Time % Phy DF OF
1 Ryan Wilson Timothy Kunes 60 1 2 2
2 Anthony Bitetto David Kolomatis 40 1 2 2
4 vs 4 Forward
Center Wing Time % Phy DF OF
1 Andrew Gordon Christian Hanson 60 1 2 2
2 Fedor Fedorov Matt Calvert 40 1 2 2
4 vs 4 Defense
Defense Defense Time % Phy DF OF
1 Ryan Wilson Timothy Kunes 60 1 2 2
2 Anthony Bitetto David Kolomatis 40 1 2 2
Last Minutes Offensive
Center Left Wing Right Wing Defense Defense
Christian Hanson Fedor Fedorov Andrew Gordon Ryan Wilson Timothy Kunes
Last Minutes Defensive
Center Left Wing Right Wing Defense Defense
Christian Hanson Fedor Fedorov Andrew Gordon Ryan Wilson Timothy Kunes
Goaltenders
Starting : Marek Schwarz
Backup : Andrei Vasilevskiy
Extra Forwards
Normal : Mark Stone, Evgeny Kuznetsov, Phil McRae - PP : Mark Stone, Evgeny Kuznetsov - PK : Phil McRae
Extra Defensemen
Normal : Alex Petrovic, Aaron Ness, Anthony Bitetto - PP : Alex Petrovic - PK : Aaron Ness, Anthony Bitetto
Penalty Shots
Andrew Gordon, Christian Hanson, Fedor Fedorov, Matt Calvert, Zenon Konopka
Scratches
Robbie Russo (Broken Nose Injury), Phoenix Copley (Healthy)
Sewer Rats
5 vs 5 Forward
Center Left Wing Right Wing Time % Phy DF OF
1 Jonathan Marchessault Ville Leino Mark Mancari 40 1 2 2
2 Vincent Trocheck Zach Boychuk Jared Boll 30 1 2 2
3 William Karlsson Jonathan Huberdeau Martin Frk 20 1 2 2
4 Nick Cousins Daniel Carr Dmitrij Jaskin 10 1 2 2
5 vs 5 Defense
Defense Defense Time % Phy DF OF
1 Matt Lashoff Mattias Ekholm 40 1 2 2
2 Steven Kampfer Jarred Tinordi 30 1 2 2
3 Joel Edmundson Ryan Murphy 20 1 2 2
4 John Ramage Xavier Ouellet 10 1 2 2
PowerPlay Forward
Center Left Wing Right Wing Time % Phy DF OF
1 Jonathan Marchessault Ville Leino Mark Mancari 60 1 2 2
2 Vincent Trocheck Zach Boychuk Jared Boll 40 1 2 2
PowerPlay Defense
Defense Defense Time % Phy DF OF
1 Matt Lashoff Mattias Ekholm 60 1 2 2
2 Steven Kampfer Jarred Tinordi 40 1 2 2
Penalty Kill 4 Players Forward
Center Wing Time % Phy DF OF
1 Ville Leino Mark Mancari 60 1 2 2
2 Zach Boychuk Jared Boll 40 1 2 2
Penalty Kill 4 Players Defense
Defense Defense Time % Phy DF OF
1 Matt Lashoff Mattias Ekholm 60 1 2 2
2 Steven Kampfer Jarred Tinordi 40 1 2 2
Penalty Kill - 3 Players Forward
Forward Time % Phy DF OF
1 Ville Leino 60 1 2 2
2 Mark Mancari 40 1 2 2
Penalty Kill - 3 Players Defense
Defense Defense Time % Phy DF OF
1 Matt Lashoff Mattias Ekholm 60 1 2 2
2 Steven Kampfer Jarred Tinordi 40 1 2 2
4 vs 4 Forward
Center Wing Time % Phy DF OF
1 Ville Leino Mark Mancari 60 1 2 2
2 Zach Boychuk Jared Boll 40 1 2 2
4 vs 4 Defense
Defense Defense Time % Phy DF OF
1 Matt Lashoff Mattias Ekholm 60 1 2 2
2 Steven Kampfer Jarred Tinordi 40 1 2 2
Last Minutes Offensive
Center Left Wing Right Wing Defense Defense
Jonathan Marchessault Ville Leino Mark Mancari Matt Lashoff Mattias Ekholm
Last Minutes Defensive
Center Left Wing Right Wing Defense Defense
Jonathan Marchessault Ville Leino Mark Mancari Matt Lashoff Mattias Ekholm
Goaltenders
Starting : Richard Bachman
Backup : Marek Mazanek
Extra Forwards
Normal : Jonathan Huberdeau, Daniel Carr, William Karlsson - PP : Jonathan Huberdeau, Daniel Carr - PK : William Karlsson
Extra Defensemen
Normal : Joel Edmundson, Ryan Murphy, John Ramage - PP : Joel Edmundson - PK : Ryan Murphy, John Ramage
Penalty Shots
Ville Leino, Mark Mancari, Zach Boychuk, Jared Boll, Jonathan Huberdeau
Scratches
Connor Carrick (Healthy), Josh Archibald (Healthy), Jonathan Racine (Healthy), Joseph Blandisi (Healthy), Chris Calhan (Healthy)
Tom Sestito (Healthy), Sergei Kostenko (Healthy)
% Time on Ice - Patriotes
Lines # - Real PCT - Wanted PCT - Time Play
Normal Forward
1 - 35% - 40% - 17:15
2 - 28% - 30% - 13:40
3 - 21% - 20% - 10:11
4 - 16% - 10% - 7:53
Normal Defense
1 - 38% - 40% - 18:28
2 - 33% - 30% - 16:12
3 - 25% - 20% - 12:15
4 - 4% - 10% - 2:04
PP Forward
1 - 59% - 60% - 3:30
2 - 41% - 40% - 2:27
PP Defense
1 - 56% - 60% - 3:20
2 - 44% - 40% - 2:37
PK Forward
1 - 81% - 60% - 3:13
2 - 19% - 40% - 0:45
PK Defense
1 - 68% - 60% - 2:43
2 - 32% - 40% - 1:15
PK3 Forward
1 - 0% - 60%
2 - 0% - 40%
PK3 Defense
1 - 0% - 60%
2 - 0% - 40%
44 Forward
1 - 0% - 60%
2 - 0% - 40%
44 Defense
1 - 0% - 60%
2 - 0% - 40%
Last Minute Offensive - 0:00
Last Minute Defensive - 1:06
Total
Forward - 60:00
Defense - 60:00
|
% Time on Ice - Sewer Rats
Lines # - Real PCT - Wanted PCT - Time Play
Normal Forward
1 - 37% - 40% - 18:33
2 - 27% - 30% - 13:26
3 - 20% - 20% - 9:51
4 - 16% - 10% - 7:52
Normal Defense
1 - 38% - 40% - 19:02
2 - 31% - 30% - 15:37
3 - 20% - 20% - 10:00
4 - 10% - 10% - 5:03
PP Forward
1 - 61% - 60% - 2:24
2 - 39% - 40% - 1:34
PP Defense
1 - 66% - 60% - 2:38
2 - 34% - 40% - 1:20
PK Forward
1 - 67% - 60% - 4:00
2 - 33% - 40% - 1:57
PK Defense
1 - 54% - 60% - 3:11
2 - 46% - 40% - 2:46
PK3 Forward
1 - 0% - 60%
2 - 0% - 40%
PK3 Defense
1 - 0% - 60%
2 - 0% - 40%
44 Forward
1 - 0% - 60%
2 - 0% - 40%
44 Defense
1 - 0% - 60%
2 - 0% - 40%
Last Minute Offensive - 0:23
Last Minute Defensive - 0:00
Total
Forward - 60:00
Defense - 60:00
|
Play by Play
1st period
0:01 of 1st period - Ville Leino wins face-off versus Evgeny Kuznetsov in neutral zone.
0:08 of 1st period - Wrist shot by Mark Mancari.
0:08 of 1st period - Deflect By Ville Leino.
0:08 of 1st period - Stopped by Marek Schwarz with a rebound.
0:26 of 1st period - Matt Lashoff is hit by Christian Hanson and loses puck.
0:38 of 1st period - Minor Penalty to Vincent Trocheck for High sticking.
0:39 of 1st period - Christian Hanson wins face-off versus Ville Leino in Sewer Rats zone.
0:53 of 1st period - Snap shot by Christian Hanson.
0:53 of 1st period - Stopped by Richard Bachman with a rebound.
0:55 of 1st period - Slapshot by Ryan Wilson.
0:55 of 1st period - Stopped by Richard Bachman without a rebound.
0:56 of 1st period - Zenon Konopka wins face-off versus Zach Boychuk in Sewer Rats zone.
2:30 of 1st period - Fedor Fedorov is hit by Zach Boychuk and loses puck.
2:38 of 1st period - Penalty to Vincent Trocheck is over, Vincent Trocheck is back on ice.
2:52 of 1st period - Icing by Matt Lashoff.
2:53 of 1st period - William Karlsson wins face-off versus Vince Hinostroza in Sewer Rats zone.
3:33 of 1st period - Wrist shot by Daniel Carr.
3:33 of 1st period - Stopped by Marek Schwarz with a rebound.
3:35 of 1st period - Slapshot by Mattias Ekholm.
3:35 of 1st period - Stopped by Marek Schwarz without a rebound.
3:36 of 1st period - Nick Cousins wins face-off versus Zenon Konopka in Patriotes zone.
3:36 of 1st period - Nick Cousins is hit by Anthony Bitetto.
3:50 of 1st period - Snap shot by Andrew Gordon.
3:50 of 1st period - Stopped by Richard Bachman without a rebound.
3:51 of 1st period - Evgeny Kuznetsov wins face-off versus Vincent Trocheck in Sewer Rats zone.
4:24 of 1st period - Minor Penalty to William Karlsson for Interference.
4:25 of 1st period - Ville Leino wins face-off versus Christian Hanson in Sewer Rats zone.
4:36 of 1st period - Wrist shot by Andrew Gordon.
4:36 of 1st period - Shot Blocked by Mattias Ekholm.
5:02 of 1st period - Snap shot by Matt Calvert.
5:02 of 1st period - Shot Blocked by Jared Boll.
5:21 of 1st period - Slapshot by Ryan Wilson.
5:21 of 1st period - Shot Blocked by Jarred Tinordi.
6:06 of 1st period - Christian Hanson is hit by Matt Lashoff and loses puck.
6:21 of 1st period - Jarred Tinordi is hit by Fedor Fedorov and loses puck.
6:24 of 1st period - Penalty to William Karlsson is over, William Karlsson is back on ice.
7:37 of 1st period - Snap shot by Jonathan Huberdeau.
7:37 of 1st period - Stopped by Marek Schwarz with a rebound.
7:41 of 1st period - Snap shot by Jonathan Huberdeau.
7:41 of 1st period - Shot Misses the Net.
8:03 of 1st period - Slapshot by Jonathan Huberdeau.
8:03 of 1st period - Goal by Jonathan Huberdeau - Patriotes : 0 - Sewer Rats : 1.
8:04 of 1st period - Jonathan Marchessault wins face-off versus Phil McRae in neutral zone.
8:07 of 1st period - Snap shot by Mark Mancari.
8:07 of 1st period - Stopped by Marek Schwarz with a rebound.
8:12 of 1st period - Icing by Timothy Kunes.
8:13 of 1st period - Phil McRae wins face-off versus Jonathan Marchessault in Patriotes zone.
8:22 of 1st period - Wrist shot by Ville Leino.
8:22 of 1st period - Stopped by Marek Schwarz without a rebound.
8:23 of 1st period - Nick Cousins wins face-off versus Phil McRae in Patriotes zone.
9:14 of 1st period - Ryan Wilson is hit by Joel Edmundson and loses puck.
9:52 of 1st period - Snap shot by Zenon Konopka.
9:52 of 1st period - Shot Blocked by Mattias Ekholm.
9:54 of 1st period - Slapshot by Zenon Konopka.
9:54 of 1st period - Shot Misses the Net.
9:56 of 1st period - Wrist shot by Justin Florek.
9:56 of 1st period - Stopped by Richard Bachman with a rebound.
9:58 of 1st period - Slapshot by David Kolomatis.
9:58 of 1st period - Shot Misses the Net.
10:00 of 1st period - Slapshot by Anthony Bitetto.
10:00 of 1st period - Shot Blocked by Matt Lashoff.
10:57 of 1st period - Timothy Kunes is hit by Zach Boychuk and loses puck.
11:48 of 1st period - Snap shot by Steven Kampfer.
11:48 of 1st period - Deflect By Matt Calvert.
11:48 of 1st period - Stopped by Marek Schwarz without a rebound.
11:49 of 1st period - Christian Hanson wins face-off versus William Karlsson in Patriotes zone.
12:10 of 1st period - Wrist shot by Evgeny Kuznetsov.
12:10 of 1st period - Shot Misses the Net.
12:12 of 1st period - Snap shot by Zenon Konopka.
12:12 of 1st period - Shot Misses the Net.
12:14 of 1st period - Slapshot by Zenon Konopka.
12:14 of 1st period - Stopped by Richard Bachman without a rebound.
12:15 of 1st period - Zenon Konopka wins face-off versus Vincent Trocheck in Sewer Rats zone.
12:20 of 1st period - Wrist shot by Andrew Gordon.
12:20 of 1st period - Stopped by Richard Bachman without a rebound.
12:21 of 1st period - Christian Hanson wins face-off versus Vincent Trocheck in Sewer Rats zone.
12:46 of 1st period - Ryan Murphy is hit by Evgeny Kuznetsov and loses puck.
12:51 of 1st period - Snap shot by Fedor Fedorov.
12:51 of 1st period - Shot Misses the Net.
12:55 of 1st period - Wrist shot by Fedor Fedorov.
12:55 of 1st period - Shot Misses the Net.
15:00 of 1st period - Icing by Emerson Etem.
15:01 of 1st period - Vincent Trocheck wins face-off versus Phil McRae in Patriotes zone.
15:30 of 1st period - Slapshot by Jonathan Huberdeau.
15:30 of 1st period - Shot Blocked by Phil McRae.
15:44 of 1st period - Snap shot by Emerson Etem.
15:44 of 1st period - Stopped by Richard Bachman without a rebound.
15:45 of 1st period - Vincent Trocheck wins face-off versus Evgeny Kuznetsov in Sewer Rats zone.
16:11 of 1st period - Evgeny Kuznetsov is hit by John Ramage and loses puck.
16:16 of 1st period - Wrist shot by Jonathan Huberdeau.
16:16 of 1st period - Shot Blocked by Mark Stone.
16:18 of 1st period - Snap shot by William Karlsson.
16:18 of 1st period - Deflect By Martin Frk.
16:18 of 1st period - Stopped by Marek Schwarz without a rebound.
16:19 of 1st period - Mark Mancari wins face-off versus Tyler Randell in Patriotes zone.
16:28 of 1st period - Wrist shot by Mark Mancari.
16:28 of 1st period - Stopped by Marek Schwarz without a rebound.
16:29 of 1st period - Jonathan Marchessault wins face-off versus Christian Hanson in Patriotes zone.
16:44 of 1st period - Wrist shot by Mark Mancari.
16:44 of 1st period - Stopped by Marek Schwarz with a rebound.
16:54 of 1st period - Wrist shot by Matt Calvert.
16:54 of 1st period - Shot Blocked by Mark Mancari.
16:56 of 1st period - Wrist shot by Tyler Randell.
16:56 of 1st period - Deflect By Mattias Ekholm.
16:56 of 1st period - Stopped by Richard Bachman with a rebound.
16:58 of 1st period - Slapshot by Matt Calvert.
16:58 of 1st period - Stopped by Richard Bachman with a rebound.
17:06 of 1st period - Snap shot by Matt Calvert.
17:06 of 1st period - Shot Misses the Net.
17:08 of 1st period - Slapshot by Ryan Wilson.
17:08 of 1st period - Deflect By Matt Calvert.
17:08 of 1st period - Shot Hit the Post.
17:08 of 1st period - Puck is out of play.
17:09 of 1st period - Fedor Fedorov wins face-off versus Vincent Trocheck in Sewer Rats zone.
17:34 of 1st period - David Kolomatis is hit by Steven Kampfer and loses puck.
17:59 of 1st period - Timothy Kunes is hit by Ryan Murphy and loses puck.
19:24 of 1st period - Wrist shot by Nick Cousins.
19:24 of 1st period - Stopped by Marek Schwarz with a rebound.
19:26 of 1st period - Snap shot by Daniel Carr.
19:26 of 1st period - Stopped by Marek Schwarz with a rebound.
19:32 of 1st period - Slapshot by Daniel Carr.
19:32 of 1st period - Stopped by Marek Schwarz with a rebound.
Goals for this period are 0 for Patriotes vs 1 for Sewer Rats.
Shots for this period are 9 for Patriotes vs 14 for Sewer Rats.
2nd period
0:01 of 2nd period - Vincent Trocheck wins face-off versus Evgeny Kuznetsov in neutral zone.
0:04 of 2nd period - Slapshot by Zach Boychuk.
0:04 of 2nd period - Deflect By Fedor Fedorov.
0:04 of 2nd period - Stopped by Marek Schwarz with a rebound.
0:14 of 2nd period - Slapshot by Vincent Trocheck.
0:14 of 2nd period - Stopped by Marek Schwarz without a rebound.
0:15 of 2nd period - Christian Hanson wins face-off versus Jonathan Marchessault in Patriotes zone.
0:28 of 2nd period - Snap shot by Ville Leino.
0:28 of 2nd period - Shot Blocked by David Kolomatis.
0:53 of 2nd period - Wrist shot by Mark Stone.
0:53 of 2nd period - Stopped by Richard Bachman with a rebound.
0:55 of 2nd period - Snap shot by Evgeny Kuznetsov.
0:55 of 2nd period - Stopped by Richard Bachman without a rebound.
0:56 of 2nd period - William Karlsson wins face-off versus Zenon Konopka in Sewer Rats zone.
1:07 of 2nd period - Andrew Gordon is hit by Jonathan Huberdeau and loses puck.
1:26 of 2nd period - Wrist shot by Zach Boychuk.
1:26 of 2nd period - Shot Misses the Net.
1:32 of 2nd period - Vincent Trocheck is hit by Evgeny Kuznetsov and loses puck.
2:11 of 2nd period - Slapshot by Andrew Gordon.
2:11 of 2nd period - Stopped by Richard Bachman without a rebound.
2:12 of 2nd period - Vincent Trocheck wins face-off versus Evgeny Kuznetsov in Sewer Rats zone.
2:12 of 2nd period - Vincent Trocheck is hit by Evgeny Kuznetsov.
2:40 of 2nd period - Slapshot by Matt Lashoff.
2:40 of 2nd period - Shot Blocked by Alex Petrovic.
3:06 of 2nd period - Snap shot by Daniel Carr.
3:06 of 2nd period - Stopped by Marek Schwarz without a rebound.
3:07 of 2nd period - Vincent Trocheck wins face-off versus Evgeny Kuznetsov in Patriotes zone.
3:10 of 2nd period - Slapshot by Jared Boll.
3:10 of 2nd period - Stopped by Marek Schwarz without a rebound.
3:11 of 2nd period - Vincent Trocheck wins face-off versus Evgeny Kuznetsov in Patriotes zone.
3:14 of 2nd period - Snap shot by Jared Boll.
3:14 of 2nd period - Stopped by Marek Schwarz with a rebound.
3:41 of 2nd period - Wrist shot by Tyler Randell.
3:41 of 2nd period - Shot Blocked by Ville Leino.
3:43 of 2nd period - Slapshot by Ryan Wilson.
3:43 of 2nd period - Stopped by Richard Bachman without a rebound.
3:44 of 2nd period - Jonathan Marchessault wins face-off versus Evgeny Kuznetsov in Sewer Rats zone.
4:09 of 2nd period - Anthony Bitetto is hit by Zach Boychuk and loses puck.
4:50 of 2nd period - Phil McRae is hit by Dmitrij Jaskin and loses puck.
6:01 of 2nd period - Slapshot by Andrew Gordon.
6:01 of 2nd period - Shot Blocked by Martin Frk.
6:15 of 2nd period - Snap shot by Daniel Carr.
6:15 of 2nd period - Deflect By Nick Cousins.
6:15 of 2nd period - Shot Misses the Net.
6:15 of 2nd period - Puck is out of play.
6:16 of 2nd period - Evgeny Kuznetsov wins face-off versus Nick Cousins in Patriotes zone.
6:25 of 2nd period - Wrist shot by Mark Stone.
6:25 of 2nd period - Deflect By Evgeny Kuznetsov.
6:25 of 2nd period - Shot Misses the Net.
6:25 of 2nd period - Puck is out of play.
6:26 of 2nd period - Evgeny Kuznetsov wins face-off versus Jonathan Marchessault in Sewer Rats zone.
6:55 of 2nd period - Slapshot by Fedor Fedorov.
6:55 of 2nd period - Stopped by Richard Bachman without a rebound.
6:56 of 2nd period - Christian Hanson wins face-off versus Vincent Trocheck in Sewer Rats zone.
7:01 of 2nd period - Slapshot by Tyler Randell.
7:01 of 2nd period - Deflect By Matt Calvert.
7:01 of 2nd period - Stopped by Richard Bachman without a rebound.
7:02 of 2nd period - Christian Hanson wins face-off versus Mark Mancari in Sewer Rats zone.
7:28 of 2nd period - Icing by Jarred Tinordi.
7:29 of 2nd period - Vincent Trocheck wins face-off versus Zenon Konopka in Sewer Rats zone.
7:29 of 2nd period - Vincent Trocheck is hit by Andrew Gordon.
7:59 of 2nd period - Wrist shot by Fedor Fedorov.
7:59 of 2nd period - Shot Blocked by Mattias Ekholm.
8:17 of 2nd period - Backhand shot by Christian Hanson.
8:17 of 2nd period - Shot Misses the Net.
8:19 of 2nd period - Slapshot by David Kolomatis.
8:19 of 2nd period - Stopped by Richard Bachman with a rebound.
8:21 of 2nd period - Slapshot by Christian Hanson.
8:21 of 2nd period - Stopped by Richard Bachman without a rebound.
8:22 of 2nd period - Christian Hanson wins face-off versus Vincent Trocheck in Sewer Rats zone.
8:29 of 2nd period - Slapshot by Ryan Wilson.
8:29 of 2nd period - Stopped by Richard Bachman with a rebound.
8:37 of 2nd period - Slapshot by Steven Kampfer.
8:37 of 2nd period - Shot Blocked by Timothy Kunes.
8:49 of 2nd period - Jarred Tinordi is hit by Fedor Fedorov and loses puck.
8:56 of 2nd period - Wrist shot by Ville Leino.
8:56 of 2nd period - Shot Misses the Net.
9:16 of 2nd period - Justin Florek is hit by Dmitrij Jaskin and loses puck.
9:41 of 2nd period - Wrist shot by Emerson Etem.
9:41 of 2nd period - Stopped by Richard Bachman without a rebound.
9:42 of 2nd period - Evgeny Kuznetsov wins face-off versus Jonathan Marchessault in Sewer Rats zone.
9:57 of 2nd period - Snap shot by Mark Stone.
9:57 of 2nd period - Shot Misses the Net.
10:07 of 2nd period - Aaron Ness is hit by Zach Boychuk and loses puck.
10:20 of 2nd period - Wrist shot by Zach Boychuk.
10:20 of 2nd period - Shot Blocked by Tyler Randell.
10:30 of 2nd period - Snap shot by Dmitrij Jaskin.
10:30 of 2nd period - Shot Misses the Net.
10:32 of 2nd period - Snap shot by Daniel Carr.
10:32 of 2nd period - Deflect By Nick Cousins.
10:32 of 2nd period - Shot Blocked by Aaron Ness.
10:32 of 2nd period - Puck is out of play.
10:33 of 2nd period - Evgeny Kuznetsov wins face-off versus Nick Cousins in Patriotes zone.
10:58 of 2nd period - Mark Stone is hit by Vincent Trocheck and loses puck.
11:13 of 2nd period - Slapshot by Fedor Fedorov.
11:13 of 2nd period - Shot Misses the Net.
11:15 of 2nd period - Wrist shot by Ryan Wilson.
11:15 of 2nd period - Deflect By Evgeny Kuznetsov.
11:15 of 2nd period - Deflect By Zach Boychuk.
11:15 of 2nd period - Shot Blocked by Matt Lashoff.
11:15 of 2nd period - Puck is out of play.
11:16 of 2nd period - Christian Hanson wins face-off versus Jonathan Marchessault in Sewer Rats zone.
11:51 of 2nd period - Slapshot by Zenon Konopka.
11:51 of 2nd period - Stopped by Richard Bachman with a rebound.
13:28 of 2nd period - Slapshot by Vince Hinostroza.
13:28 of 2nd period - Deflect By Jonathan Huberdeau.
13:28 of 2nd period - Stopped by Richard Bachman with a rebound.
13:30 of 2nd period - Snap shot by Emerson Etem.
13:30 of 2nd period - Shot Blocked by Martin Frk.
13:37 of 2nd period - Icing by Steven Kampfer.
13:38 of 2nd period - William Karlsson wins face-off versus Christian Hanson in Sewer Rats zone.
13:43 of 2nd period - Wrist shot by Steven Kampfer.
13:43 of 2nd period - Stopped by Marek Schwarz with a rebound.
13:53 of 2nd period - Jarred Tinordi is hit by Tyler Randell and loses puck.
14:09 of 2nd period - Wrist shot by Zach Boychuk.
14:09 of 2nd period - Stopped by Marek Schwarz without a rebound.
14:10 of 2nd period - Evgeny Kuznetsov wins face-off versus Vincent Trocheck in Patriotes zone.
14:23 of 2nd period - Snap shot by Fedor Fedorov.
14:23 of 2nd period - Shot Misses the Net.
14:25 of 2nd period - Slapshot by Anthony Bitetto.
14:25 of 2nd period - Shot Misses the Net.
14:35 of 2nd period - Matt Calvert is hit by Ville Leino and loses puck.
14:42 of 2nd period - Snap shot by Mark Mancari.
14:42 of 2nd period - Shot Blocked by Ryan Wilson.
14:44 of 2nd period - Snap shot by Ville Leino.
14:44 of 2nd period - Goal by Ville Leino - Patriotes : 0 - Sewer Rats : 2.
14:45 of 2nd period - Jonathan Marchessault wins face-off versus Evgeny Kuznetsov in neutral zone.
15:10 of 2nd period - Ryan Wilson is hit by Matt Lashoff.
15:16 of 2nd period - Slapshot by David Kolomatis.
15:16 of 2nd period - Stopped by Richard Bachman with a rebound.
15:26 of 2nd period - Snap shot by Fedor Fedorov.
15:26 of 2nd period - Deflect By Mark Stone.
15:26 of 2nd period - Stopped by Richard Bachman without a rebound.
15:27 of 2nd period - Jonathan Marchessault wins face-off versus Christian Hanson in Sewer Rats zone.
15:27 of 2nd period - Jonathan Marchessault is hit by Christian Hanson.
15:38 of 2nd period - Off-side.
15:39 of 2nd period - Zenon Konopka wins face-off versus Jonathan Marchessault in neutral zone.
16:04 of 2nd period - Jonathan Marchessault is hit by Evgeny Kuznetsov and loses puck.
16:24 of 2nd period - Icing by Matt Lashoff.
16:25 of 2nd period - Jonathan Marchessault wins face-off versus Christian Hanson in Sewer Rats zone.
17:18 of 2nd period - Slapshot by Ryan Wilson.
17:18 of 2nd period - Goal by Ryan Wilson - Patriotes : 1 - Sewer Rats : 2.
17:19 of 2nd period - Mark Stone wins face-off versus Jonathan Marchessault in neutral zone.
17:44 of 2nd period - Snap shot by Jonathan Huberdeau.
17:44 of 2nd period - Stopped by Marek Schwarz with a rebound.
17:46 of 2nd period - Wrist shot by William Karlsson.
17:46 of 2nd period - Deflect By Jonathan Huberdeau.
17:46 of 2nd period - Deflect By Fedor Fedorov.
17:46 of 2nd period - Shot Misses the Net.
17:46 of 2nd period - Puck is out of play.
17:47 of 2nd period - Christian Hanson wins face-off versus William Karlsson in Patriotes zone.
17:53 of 2nd period - Anthony Bitetto is hit by Jonathan Huberdeau and loses puck.
18:19 of 2nd period - Mattias Ekholm is hit by David Kolomatis and loses puck.
19:01 of 2nd period - Wrist shot by Emerson Etem.
19:01 of 2nd period - Stopped by Richard Bachman with a rebound.
19:03 of 2nd period - Backhand shot by Vince Hinostroza.
19:03 of 2nd period - Stopped by Richard Bachman with a rebound.
19:05 of 2nd period - Snap shot by Vince Hinostroza.
19:05 of 2nd period - Shot Misses the Net.
19:20 of 2nd period - Snap shot by Tyler Randell.
19:20 of 2nd period - Stopped by Richard Bachman without a rebound.
19:21 of 2nd period - Jonathan Marchessault wins face-off versus Evgeny Kuznetsov in Sewer Rats zone.
19:36 of 2nd period - Backhand shot by Mark Mancari.
19:36 of 2nd period - Stopped by Marek Schwarz with a rebound.
19:42 of 2nd period - Minor Penalty to Aaron Ness for Hooking.
19:43 of 2nd period - Andrew Gordon wins face-off versus Jonathan Marchessault in Patriotes zone.
19:53 of 2nd period - Icing by Ville Leino.
19:54 of 2nd period - Jonathan Marchessault wins face-off versus Andrew Gordon in Sewer Rats zone.
19:58 of 2nd period - Off-side.
19:59 of 2nd period - Christian Hanson wins face-off versus Jonathan Marchessault in neutral zone.
Goals for this period are 1 for Patriotes vs 1 for Sewer Rats.
Shots for this period are 18 for Patriotes vs 10 for Sewer Rats.
3rd period
0:01 of 3rd period - Jonathan Marchessault wins face-off versus Andrew Gordon in neutral zone.
0:13 of 3rd period - Snap shot by Ville Leino.
0:13 of 3rd period - Shot Blocked by Andrew Gordon.
0:31 of 3rd period - Snap shot by Vincent Trocheck.
0:31 of 3rd period - Deflect By Zach Boychuk.
0:31 of 3rd period - Stopped by Marek Schwarz with a rebound.
0:33 of 3rd period - Snap shot by Steven Kampfer.
0:33 of 3rd period - Deflect By Zach Boychuk.
0:33 of 3rd period - Stopped by Marek Schwarz without a rebound.
0:34 of 3rd period - Andrew Gordon wins face-off versus Jonathan Marchessault in Patriotes zone.
1:00 of 3rd period - Fedor Fedorov is hit by Zach Boychuk.
1:42 of 3rd period - Penalty to Aaron Ness is over, Aaron Ness is back on ice.
1:51 of 3rd period - Snap shot by Timothy Kunes.
1:51 of 3rd period - Shot Misses the Net.
2:36 of 3rd period - Wrist shot by Zach Boychuk.
2:36 of 3rd period - Stopped by Marek Schwarz with a rebound.
2:38 of 3rd period - Slapshot by Matt Lashoff.
2:38 of 3rd period - Stopped by Marek Schwarz with a rebound.
2:45 of 3rd period - Icing by Fedor Fedorov.
2:46 of 3rd period - Jonathan Marchessault wins face-off versus Evgeny Kuznetsov in Patriotes zone.
3:21 of 3rd period - Snap shot by Matt Calvert.
3:21 of 3rd period - Stopped by Richard Bachman with a rebound.
3:23 of 3rd period - Snap shot by Christian Hanson.
3:23 of 3rd period - Goal by Christian Hanson - Patriotes : 2 - Sewer Rats : 2.
3:24 of 3rd period - Christian Hanson wins face-off versus Jonathan Marchessault in neutral zone.
3:49 of 3rd period - Timothy Kunes is hit by Jarred Tinordi and loses puck.
4:17 of 3rd period - Matt Lashoff is hit by Zenon Konopka and loses puck.
4:24 of 3rd period - Wrist shot by Zenon Konopka.
4:24 of 3rd period - Shot Blocked by Mattias Ekholm.
4:26 of 3rd period - Slapshot by Zenon Konopka.
4:26 of 3rd period - Stopped by Richard Bachman with a rebound.
4:28 of 3rd period - Slapshot by Alex Petrovic.
4:28 of 3rd period - Shot Blocked by Matt Lashoff.
4:32 of 3rd period - Snap shot by Andrew Gordon.
4:32 of 3rd period - Shot Misses the Net.
5:33 of 3rd period - Snap shot by Zenon Konopka.
5:33 of 3rd period - Stopped by Richard Bachman with a rebound.
5:35 of 3rd period - Slapshot by David Kolomatis.
5:35 of 3rd period - Stopped by Richard Bachman without a rebound.
5:36 of 3rd period - Jonathan Marchessault wins face-off versus Evgeny Kuznetsov in Sewer Rats zone.
6:03 of 3rd period - Snap shot by Christian Hanson.
6:03 of 3rd period - Shot Misses the Net.
6:23 of 3rd period - Wrist shot by Phil McRae.
6:23 of 3rd period - Stopped by Richard Bachman with a rebound.
6:34 of 3rd period - Minor Penalty to Ryan Murphy for Hooking.
6:35 of 3rd period - Christian Hanson wins face-off versus Ville Leino in Sewer Rats zone.
7:01 of 3rd period - Ville Leino is hit by Ryan Wilson.
7:05 of 3rd period - Matt Lashoff is hit by Evgeny Kuznetsov.
7:40 of 3rd period - Icing by Mark Stone.
7:41 of 3rd period - Mark Stone wins face-off versus Ville Leino in Patriotes zone.
7:48 of 3rd period - Wrist shot by Matt Calvert.
7:48 of 3rd period - Stopped by Richard Bachman with a rebound.
8:34 of 3rd period - Penalty to Ryan Murphy is over, Ryan Murphy is back on ice.
9:00 of 3rd period - Wrist shot by Zach Boychuk.
9:00 of 3rd period - Stopped by Marek Schwarz without a rebound.
9:01 of 3rd period - William Karlsson wins face-off versus Evgeny Kuznetsov in Patriotes zone.
9:47 of 3rd period - Snap shot by Daniel Carr.
9:47 of 3rd period - Stopped by Marek Schwarz with a rebound.
10:17 of 3rd period - Zach Boychuk is hit by Phil McRae and loses puck.
10:38 of 3rd period - Snap shot by Zenon Konopka.
10:38 of 3rd period - Shot Misses the Net.
10:50 of 3rd period - Slapshot by Ville Leino.
10:50 of 3rd period - Stopped by Marek Schwarz with a rebound.
10:52 of 3rd period - Slapshot by John Ramage.
10:52 of 3rd period - Deflect By Mark Mancari.
10:52 of 3rd period - Shot Misses the Net.
10:52 of 3rd period - Puck is out of play.
10:53 of 3rd period - Jonathan Marchessault wins face-off versus Evgeny Kuznetsov in Patriotes zone.
11:18 of 3rd period - Timothy Kunes is hit by William Karlsson and loses puck.
12:13 of 3rd period - Wrist shot by Fedor Fedorov.
12:13 of 3rd period - Shot Blocked by Ville Leino.
12:15 of 3rd period - Wrist shot by Evgeny Kuznetsov.
12:15 of 3rd period - Goal by Evgeny Kuznetsov - Patriotes : 3 - Sewer Rats : 2.
12:16 of 3rd period - Jonathan Marchessault wins face-off versus Evgeny Kuznetsov in neutral zone.
12:19 of 3rd period - Evgeny Kuznetsov is hit by Matt Lashoff and loses puck.
12:25 of 3rd period - David Kolomatis is hit by Ville Leino and loses puck.
12:30 of 3rd period - Snap shot by Fedor Fedorov.
12:30 of 3rd period - Stopped by Richard Bachman without a rebound.
12:31 of 3rd period - Vincent Trocheck wins face-off versus Christian Hanson in Sewer Rats zone.
12:38 of 3rd period - Slapshot by Zach Boychuk.
12:38 of 3rd period - Goal by Zach Boychuk - Patriotes : 3 - Sewer Rats : 3.
12:39 of 3rd period - Evgeny Kuznetsov wins face-off versus Jonathan Marchessault in neutral zone.
12:54 of 3rd period - Snap shot by Fedor Fedorov.
12:54 of 3rd period - Stopped by Richard Bachman with a rebound.
13:35 of 3rd period - David Kolomatis is hit by Zach Boychuk and loses puck.
13:39 of 3rd period - Christian Hanson is hit by Jarred Tinordi and loses puck.
14:05 of 3rd period - Minor Penalty to Anthony Bitetto for Elbowing.
14:06 of 3rd period - Ville Leino wins face-off versus Andrew Gordon in Patriotes zone.
14:58 of 3rd period - Slapshot by Phil McRae.
14:58 of 3rd period - Goal by Phil McRae - Patriotes : 4 - Sewer Rats : 3.
14:59 of 3rd period - Jonathan Marchessault wins face-off versus Andrew Gordon in neutral zone.
15:02 of 3rd period - Slapshot by Matt Lashoff.
15:02 of 3rd period - Stopped by Marek Schwarz without a rebound.
15:03 of 3rd period - Andrew Gordon wins face-off versus Jonathan Marchessault in Patriotes zone.
16:05 of 3rd period - Penalty to Anthony Bitetto is over, Anthony Bitetto is back on ice.
16:25 of 3rd period - Anthony Bitetto is hit by William Karlsson and loses puck.
16:59 of 3rd period - Off-side.
17:00 of 3rd period - Fedor Fedorov wins face-off versus Vincent Trocheck in neutral zone.
17:27 of 3rd period - Zenon Konopka is hit by Jonathan Huberdeau.
17:40 of 3rd period - Off-side.
17:41 of 3rd period - Christian Hanson wins face-off versus Jonathan Marchessault in neutral zone.
17:50 of 3rd period - Wrist shot by Christian Hanson.
17:50 of 3rd period - Stopped by Richard Bachman with a rebound.
17:52 of 3rd period - Wrist shot by Christian Hanson.
17:52 of 3rd period - Stopped by Richard Bachman without a rebound.
17:53 of 3rd period - Zenon Konopka wins face-off versus William Karlsson in Sewer Rats zone.
18:29 of 3rd period - Mark Mancari is hit by Evgeny Kuznetsov and loses puck.
19:07 of 3rd period - Anthony Bitetto is hit by Ville Leino and loses puck.
19:36 of 3rd period - Snap shot by Fedor Fedorov.
19:36 of 3rd period - Stopped by Richard Bachman without a rebound.
19:37 of 3rd period - Brent Sutter call a timeout for Sewer Rats.
19:37 of 3rd period - Jonathan Huberdeau wins face-off versus Christian Hanson in Sewer Rats zone.
19:37 of 3rd period - Jonathan Huberdeau is hit by Fedor Fedorov.
19:55 of 3rd period - William Karlsson is hit by Fedor Fedorov and loses puck.
Goals for this period are 3 for Patriotes vs 1 for Sewer Rats.
Shots for this period are 14 for Patriotes vs 9 for Sewer Rats.
Back to the Top